 Dungeon Crawl Stone Soup version 0.26-a0-8-gc4d20be (webtiles) character file.

Game seed: 14833813903694607503, levelgen mode: deterministic

1647 thirtiethelement the Slasher (level 8, -2/62 HPs)
             Began as a Demonspawn Abyssal Knight on May 24, 2020.
             Was an Initiate of Okawaru.
             Slain by a thrashing horror (7 damage)
             ... created by the touch of Lugonu
             ... on level 5 of the Dungeon.
             The game lasted 00:28:11 (4495 turns).

thirtiethelement the Slasher (DsAK)                 Turns: 4495, Time: 00:28:11

Health: -2/62      AC: 15    Str: 16    XL:     8   Next: 67%
Magic:  13/13      EV: 16    Int: 13    God:    Okawaru [......]
Gold:   197        SH:  0    Dex: 14    Spells: 11/13 levels left

rFire    . . .     SeeInvis .   x - +5 long sword (curse)
rCold    . . .     Gourm    .   (no shield)
rNeg     . . .     Faith    .   e - +5 chain mail "Aguimuoc" {Regen+}
rPois    +         Spirit   .   (no helmet)
rElec    .         Reflect  .   o - +0 cloak
rCorr    .         Harm     .   (no gloves)
MR       .....                  (no boots)
Stlth    ..........             q - amulet of regeneration
HPRegen  1.00/turn              l - ring of poison resistance
MPRegen  0.13/turn              d - +4 ring of evasion

@: mighty, agile
A: hooves 2, thin skeletal structure 1, powered by death 1, powered by pain 1
a: Renounce Religion


You were on level 5 of the Dungeon.
You worshipped Okawaru.
Okawaru was noncommittal.
You were not hungry.

You visited 2 branches of the dungeon, and saw 6 of its levels.
You visited the Abyss 1 time.

You collected 197 gold pieces.

Inventory:

Hand Weapons
 a - a +2 falchion
 r - the +3 whip of Hurph {vorpal, *Slow +Fly Str+5 Int+3, unknown}
   (You found it on level 4 of the Dungeon)

   It inflicts extra damage upon your enemies.
   It affects your strength (+5).
   It affects your intelligence (+3).
   It lets you fly.
   It may slow you when you take damage.
 x - a cursed +5 long sword (weapon)
Missiles
 p - 5 datura-tipped darts (quivered)
Armour
 b - a +0 leather armour
 e - the +5 chain mail "Aguimuoc" (worn) {Regen+}
   (You found it on level 4 of the Abyss)

   It increases your rate of regeneration.
 o - a +0 cloak (worn)
 v - a +0 ring mail of fire resistance
Jewellery
 d - a +4 ring of evasion (right hand)
 h - an uncursed ring of see invisible
 l - a ring of poison resistance (left hand)
 q - an amulet of regeneration (around neck)
 u - a cursed amulet of inaccuracy {unknown}
 w - an uncursed ring of flight
Wands
 t - a wand of paralysis (4)
Potions
 f - a potion of flight {unknown}
 i - a potion of resistance {unknown}
 j - 2 potions of stabbing {unknown}
 k - 2 potions of haste {unknown}
 m - a potion of ambrosia {unknown}
 n - a potion of degeneration {unknown}
 s - 2 potions of curing {unknown}
Comestibles
 c - 3 rations


   Skills:
 + Level 5.2 Fighting
 + Level 5.9 Long Blades
 + Level 4.6 Armour
 + Level 1.8 Dodging
 + Level 0.2 Stealth
 * Level 3.3 Spellcasting
 * Level 4.4 Necromancy
 + Level 3.2 Invocations


You had 11 spell levels left.
You knew the following spells:

 Your Spells              Type           Power        Failure   Level  Hunger
a - Pain                  Necr           ##..         50%         1    #......
b - Animate Skeleton      Necr           N/A          50%         1    #......

Your spell library contained the following spells:

 Spells                   Type           Power        Failure   Level  Hunger
 Vampiric Draining        Necr           ##........   86%         3    ###....
 Apportation              Tloc           #.....       98%         1    #......
 Corona                   Hex            #......      98%         1    #......
 Summon Butterflies       Summ           #.......     98%         1    #......
 Summon Small Mammal      Summ           #...         98%         1    #......
 Animate Dead             Necr           N/A          99%         4    #####..
 Lesser Beckoning         Tloc           #.........   100%        3    ###....
 Tukima's Dance           Hex            #.......     100%        3    ###....
 Agony                    Necr           ##......     100%        5    ######.
 Alistair's Intoxication  Tmut/Pois      #.......     100%        5    ######.
 Invisibility             Hex            #.......     100%        6    #######


Dungeon Overview and Level Annotations

Branches:
Dungeon (5/15)             Temple (1/1) D:5

Altars:
Ashenzari
Cheibriados
Dithmenos
Elyvilon
Gozag
Hepliaklqana
Kikubaaqudgha
Makhleb
Nemelex Xobeh
Okawaru
Qazlal
Ru
Sif Muna
Trog
Uskayaw
Vehumet
Wu Jian
Xom
Zin
The Shining One

Shops:
D:4 %


Innate Abilities, Weirdness & Mutations

You have hoof-like feet.
You have a somewhat thin skeletal structure. (Dex +2, Stealth)
You regenerate a little health from kills.
You sometimes gain a little power by taking damage.


Message History

The thrashing horror barely misses you.
You closely miss the thrashing horror.
You kick the thrashing horror, but do no damage.
The thrashing horror is almost destroyed.
The thrashing horror closely misses you.
You riposte.
You closely miss the thrashing horror. Your kick misses the thrashing horror.
The thrashing horror is severely damaged.
The thrashing horror barely misses you. The thrashing horror tramples you!
* * * LOW HITPOINT WARNING * * *
You focus on the pain.
You feel very mighty all of a sudden.
You stumble backwards!
Aiming: Paralyse
Press: ? - help, Shift-Dir - straight line, f - thrashing horror
Aim: a thrashing horror (severely damaged, durably summoned, strong, chance to defeat MR: 15%)
The thrashing horror resists with almost no effort.
The thrashing horror misses you. The thrashing horror tramples you!
You die...

..................#
..................#
..................#
###...............#
#.....(.........#
#...............#
#......((..)....#
#...............#
#....(.......X@.#
#...............#
#################


You could see a thrashing horror (strong).

Vanquished Creatures
  Pikel (D:4)
  A hungry ghost (D:4)
  A small abomination (D:5)
  An ice beast (D:5)
  2 slaves (D:4)
  A sky beast (D:5)
  An ogre (D:5)
  A centaur (D:5)
  4 wights
  A crimson imp (D:5)
  2 hounds
  2 orc priests (D:5)
  2 bullfrog skeletons
  A centaur skeleton (D:5)
  An iguana (D:4)
  2 orc wizards
  4 gnolls (D:3)
  8 adders
  A shadow imp (D:5)
  An ooze (D:1)
  An adder zombie (D:4)
  2 worms (D:2)
  3 dart slugs
  A leopard gecko (D:5)
  9 orcs
  4 giant cockroaches
  12 goblins
  7 hobgoblins
  4 jackals (D:5)
  2 quokkas
  A ball python skeleton (D:4)
  7 bats
  3 frilled lizards
  6 kobolds
  A leopard gecko skeleton (D:4)
  7 rats
108 creatures vanquished.

Vanquished Creatures (others)
  2 starspawn tentacles (Abyss:3)
  5 toadstools (D:1)
7 creatures vanquished.

Grand Total: 115 creatures vanquished

Notes
Turn   | Place    | Note
-------+----------+-------------------------------------------
     0 | Abyss:1  | thirtiethelement the Demonspawn Abyssal Knight began the
                  | quest for the Orb.
     0 | Abyss:1  | Reached XP level 1. HP: 18/18 MP: 2/2
    41 | Abyss:1  | Noticed a large abomination
    65 | Abyss:3  | Found a corrupted altar of Lugonu.
    69 | Abyss:3  | Noticed a tentacled starspawn
    79 | Abyss:4  | Got a bloodstained chain mail
    90 | Abyss:4  | Noticed a wretched star
    94 | D:1      | Escaped the Abyss
   105 | D:1      | Identified the +5 chain mail "Aguimuoc" {Regen+} (You found
                  | it on level 4 of the Abyss)
   351 | D:1      | Gained mutation: You have a somewhat thin skeletal
                  | structure. (Dex +2, Stealth) [demonic ancestry]
   351 | D:1      | Reached XP level 2. HP: 24/24 MP: 4/4
   707 | D:1      | Reached * piety under Lugonu
   731 | D:1      | You fall into a shaft and drop 1 floor!
   849 | D:2      | Gained mutation: You have large cloven feet. [demonic
                  | ancestry]
   849 | D:2      | Reached XP level 3. HP: 26/29 MP: 5/5
  1702 | D:2      | Reached XP level 4. HP: 37/37 MP: 6/6
  1810 | D:2      | Found a bloodstained altar of Trog.
  1916 | D:3      | Reached ** piety under Lugonu
  2011 | D:3      | Reached skill level 1 in Dodging
  2011 | D:3      | Gained mutation: You sometimes gain a little power by
                  | taking damage. [demonic ancestry]
  2011 | D:3      | Reached XP level 5. HP: 10/42 MP: 7/7
  2079 | D:3      | Found an opulent altar of Gozag.
  2187 | D:3      | Learned a level 1 spell: Pain
  2189 | D:3      | Learned a level 1 spell: Animate Skeleton
  2604 | D:4      | Noticed a hungry ghost
  2623 | D:4      | Killed a hungry ghost
  2623 | D:4      | Reached skill level 1 in Spellcasting
  2623 | D:4      | Reached skill level 1 in Necromancy
  2623 | D:4      | Gained mutation: You have hoof-like feet. [demonic
                  | ancestry]
  2623 | D:4      | Reached XP level 6. HP: 46/48 MP: 8/8
  2688 | D:4      | Noticed a slave
  2688 | D:4      | Noticed a slave
  2690 | D:4      | Noticed a slave
  2702 | D:4      | Found a sacrificial altar of Ru.
  2712 | D:4      | Killed a slave
  2717 | D:4      | Killed a slave
  2742 | D:4      | Noticed Pikel
  2753 | D:4      | Noticed a slave
  2776 | D:4      | Killed Pikel
  2776 | D:4      | Gained mutation: You regenerate a little health from kills.
                  | [demonic ancestry]
  2776 | D:4      | Reached XP level 7. HP: 55/55 MP: 8/10
  2786 | D:4      | Got a smoking whip
  2822 | D:4      | Found a hide-covered altar of Uskayaw.
  2841 | D:4      | Found a shadowy altar of Dithmenos.
  2842 | D:4      | Found a hazy altar of Hepliaklqana.
  2846 | D:4      | Found a burning altar of Makhleb.
  3179 | D:4      | Found Naevy's Food Shoppe.
  3443 | D:4      | Found a shattered altar of Ashenzari.
  3522 | D:5      | Entered Level 5 of the Dungeon
  3553 | D:4      | Found a glowing golden altar of the Shining One.
  3588 | D:5      | Reached skill level 5 in Long Blades
  3588 | D:5      | Reached XP level 8. HP: 50/61 MP: 11/11
  3763 | D:5      | Reached *** piety under Lugonu
  3904 | D:5      | Found a staircase to the Ecumenical Temple.
  3909 | Temple   | Entered the Ecumenical Temple
  3979 | Temple   | Fell from the grace of Lugonu
  3979 | Temple   | Became a worshipper of Warmaster Okawaru
  4252 | D:4      | Reached skill level 5 in Fighting
  4467 | D:5      | Noticed a thrashing horror
  4495 | D:5      | Slain by a thrashing horror

Illustrated notes

Levels and vault maps discovered:
D:1:      ldierk_walled_garden, layout_basic, serial_rivers,
          chequers_serial_rivers_small_a, chequers_serial_rivers_room_b,
          chequers_serial_rivers_large_b, chequers_serial_rivers_small_a,
          chequers_serial_rivers_micro_a, chequers_serial_rivers_micro_d
D:2:      layout_loops_corners, lightli_temple_of_fire, minivault_24
D:3:      layout_loops_cross, lemuel_coloured_pillars_altar
D:4:      lemuel_upstairs_altar, layout_cave_pods, kennysheep_little_box,
          minitemple, serial_shops, shop, hangedman_ru_absence, uniq_pikel
D:5:      layout_gridville, temple_doors_ab, first_ration
Temple:   oiseaux_autumnal_temple

Skill      XL: |  1  2  3  4  5  6  7  8 |
---------------+-------------------------+-----
Invocations    | 3 |  3.2
Armour         | 2 3 4 |  4.6
Long Blades    | 2 3 4 5 |  5.9
Dodging        | 1 |  1.8
Fighting       | 4 5 |  5.2
Spellcasting   | 1 2 3 |  3.3
Necromancy     | 1 2 3 4 |  4.4
Stealth        | |  0.2

Action                   |  1- 3 |  4- 6 |  7- 9 || total
-------------------------+-------+-------+-------++-------
Melee: Falchion          |   103 |   122 |   110 ||   335
       Kick              |    10 |    39 |    54 ||   103
       Long sword        |       |       |    46 ||    46
 Cast: Pain              |       |       |     4 ||     4
Invok: Depart the Abyss  |     1 |       |       ||     1
Evoke: Wand              |       |       |     1 ||     1
  Use: Scroll            |     3 |     1 |     1 ||     5
       Potion            |       |       |     2 ||     2
  Eat: Ration            |     1 |     3 |     2 ||     6
Armor: Chain mail        |    56 |    82 |    98 ||   236
Dodge: Dodged            |    53 |    61 |   110 ||   224
       Rpst.: Falchion   |    17 |    21 |    18 ||    56
       Long sword        |       |       |    14 ||    14

Table legend:
 A = Non-vault XP
 B = Vault XP
 C = Vault XP percentage of total XP
 D = Non-vault monster count
 E = Vault monster count
 F = Vault count percentage of total count
                 A         B        C        D         E       F
            +---------+---------+-------+---------+---------+-------
      Total |    1680 |     673 |  28.6 |     104 |       1 |   1.0
            +---------+---------+-------+---------+---------+-------
        D:1 |      33 |       0 |   0.0 |      17 |       0 |   0.0
        D:2 |      88 |       0 |   0.0 |      27 |       0 |   0.0
        D:3 |     128 |       0 |   0.0 |      18 |       0 |   0.0
        D:4 |     453 |     673 |  59.8 |      15 |       1 |   6.2
        D:5 |     978 |       0 |   0.0 |      27 |       0 |   0.0
            +---------+---------+-------+---------+---------+-------
